 Dungeon Crawl Stone Soup version 0.23.2-1-ga50397a (webtiles) character file.

Game seed: 7450488291321644675

42 BIXBYSNYDER the Skirmisher (level 3, -6/24 HPs)
             Began as a Gargoyle Berserker on May 16, 2019.
             Was a Follower of Trog.
             Mangled by Sigmund
             ... wielding a +0 scythe
              (8 damage)
             ... on level 2 of the Dungeon.
             The game lasted 00:11:05 (1498 turns).

BIXBYSNYDER the Skirmisher (Gargoyle Berserker)     Turns: 1498, Time: 00:11:06

Health: -6/24      AC:  7    Str: 21    XL:     3   Next: 56%
Magic:  3/3        EV: 12    Int:  7    God:    Trog [*.....]
Gold:   96         SH:  0    Dex:  9    Spells: 2/2 levels left

rFire    . . .     SeeInvis .   a - +0 mace
rCold    . . .     Gourm    .   (no shield)
rNeg     + . .     Faith    .   b - +0 animal skin
rPois    ∞         Spirit   .   h - +1 helmet
rElec    +         Reflect  .   (no cloak)
rCorr    .         Harm     .   (no gloves)
MR       .....                  (no boots)
Stlth    +.........             (no amulet)
HPRegen  0.08/turn              d - ring of flight
MPRegen  0.08/turn              (no ring)

@: confused
A: negative energy resistance 1, electricity resistance, unbreathing,
petrification resistance, rot immunity, AC +3
a: Berserk, Renounce Religion, Evoke Flight


You were on level 2 of the Dungeon.
You worshipped Trog.
Trog was aware of your devotion.
You were not hungry.

You visited 1 branch of the dungeon, and saw 2 of its levels.

You collected 96 gold pieces.

Inventory:

Hand Weapons
 a - a +0 mace (weapon)
Missiles
 g - 18 bolts
Armour
 b - a +0 animal skin (worn)
 h - a +1 helmet (worn)
 n - a +0 ring mail
Jewellery
 d - a ring of flight (left hand)
Scrolls
 i - 2 scrolls of remove curse
 k - a scroll of teleportation {unknown}
 l - a scroll of enchant weapon {unknown}
 m - a scroll of identify {unknown}
Potions
 f - a potion of berserk rage {unknown}
 j - a potion of brilliance {unknown}
 o - 2 potions of curing {unknown}
 p - a potion of haste {unknown}
Comestibles
 c - 2 rations


   Skills:
 + Level 3.9 Fighting
 + Level 3.6 Maces & Flails
 + Level 2.4 Armour
 + Level 2.0 Dodging


You had 2 spell levels left.
You didn't know any spells.
Your spell library was empty.

Dungeon Overview and Level Annotations

Branches:
Dungeon (2/15)

Altars:

Annotations:
D:2 Sigmund


Innate Abilities, Weirdness & Mutations

You are resistant to torment.
Your stone body is resilient. (AC +3)
You are immune to poison.
You resist negative energy. (rN+)
You are resistant to electric shocks. (rElec)
You can survive without breathing.
You are immune to petrification.
You are immune to rotting.


Message History

You hit the giant cockroach.
The giant cockroach is almost dead.
Sigmund barely misses you. The giant cockroach closely misses you.
The giant cockroach bites you but does no damage.
You barely miss the giant cockroach.
The giant cockroach is almost dead.
Sigmund hits you from afar with a +0 scythe.
* * * LOW HITPOINT WARNING * * *
The giant cockroach bites you but does no damage.
You hit the giant cockroach.
You kill the giant cockroach!
Trog accepts your kill. Sigmund barely misses you.
Found a leather armour.
Sigmund points at you and mumbles some strange words.
You are confused.
Sigmund hits you but does no damage.
You bump into the rock wall.
Sigmund hits you but does no damage. Sigmund hits you with a +0 scythe!
You die...

..(.......# #.[#
########..# #..# #..#
####..#
###..#######.##..#
####.(...........#..#
#....#.#######......#
#......# #...##.#
#######..# #.@###.#
.........# #@.#
#.###########
########.# #..#
#............
########.# #..#
#########..##
.....(...#######..#
#..#
########..........#
#..# #####..###.#
#..# ###########..#
#.# #..##
##............# #.#
#..#. ##.#########..#
#.###########..#.


You could see Sigmund.

Vanquished Creatures
  An adder (D:2)
  2 oozes
  A dart slug (D:2)
  A leopard gecko (D:2)
  3 giant cockroaches
  A goblin (D:1)
  3 hobgoblins (D:1)
  2 jackals (D:1)
  A bat (D:1)
  2 frilled lizards
  3 kobolds (D:1)
  2 rats (D:1)
22 creatures vanquished.

Notes
Turn   | Place    | Note
-------+----------+-------------------------------------------
     0 | D:1      | BIXBYSNYDER the Gargoyle Berserker began the quest for the
                  | Orb.
     0 | D:1      | Reached XP level 1. HP: 14/14 MP: 1/1
    62 | D:1      | Reached XP level 2. HP: 18/19 MP: 2/2
  1169 | D:2      | Reached XP level 3. HP: 15/24 MP: 3/3
  1430 | D:2      | Noticed Sigmund
  1484 | D:2      | HP: 1/24 [Sigmund/+0 scythe (2)]
  1498 | D:2      | Mangled by Sigmund

Skill      XL: |  1  2  3 |
---------------+----------+-----
Dodging        | 2 |  2.0
Fighting       | |  3.9
Maces & Flails | |  3.6
Armour         | |  2.4

Action                   || total
-------------------------++-------
Melee: Mace              ||    94
  Use: Scroll            ||     3
  Eat: Ration            ||     1
Armor: Animal skin       ||    32
Dodge: Dodged            ||    89
